Unix NetHack Version 3.7.0-60 Work-in-progress - last build Jul 10 2022 06:21:10 (14e6c82d0a2bdcc1d3355b92dfa208a3528279b5,branch:master). Game began 2022-07-11 16:13:01, ended 2022-07-11 20:40:52. elenmirie, chaotic female orcish Rogue ------------ -.--- ------- |..........| |.(.| |.>...| ------- |...........# |...| |.....| ###-.....| |..--..--..|# |...| |.....| ------ ######## |.....| ##-..--..--..|# |...| |.....| |.....##### |.....| # |..........|# #-...| |.....| #-...<| --.---- # |..........|########---|- --|---- ###|..... ### #### |..--..--..|# # # # |....| # # |..--..--..|## # # #### ------ # # |..........|## ## # # ######## # # |..........|## # ## # 0#f#@a######## ------------## ## -.----# --.--########################## # |....|# |...|# ### ###### ### -.-.--- |....|# |....# ## # |.....| |.....# |...| ###|.....| |....| |..Z| #......| ------ ----- |.....| ------- Elenmirie the Cutpurse St:15 Dx:16 Co:14 In:13 Wi:10 Ch:8 Chaotic Dlvl:5 $:141 HP:0(28) Pw:16(16) AC:6 Xp:4/96 T:1982 Latest messages: The world spins and goes dark. You are conscious again. What do you want to eat? [dgosC or ?*] ? Core dumped. What do you want to eat? [dgos or ?*] s Blecch! Rotten food! You finish eating the tripe ration. You swap places with Coco. You are beginning to feel hungry. b - an uncursed +0 orcish dagger (weapon in hand). You can't go down here. Where do you want to travel to? (For instructions type a '?') You kill the goblin! You see here a goblin corpse. There is a goblin corpse here; eat it? [ynq] (n) y This goblin corpse tastes okay. You finish eating the goblin corpse. You try to move the boulder, but in vain. Coco bites it. Coco misses it. You swap places with Coco. The giant ant bites! You hit the giant ant. The giant ant misses! You hit the giant ant. The giant ant bites! The giant ant bites! You miss the giant ant. The giant ant bites! You hit the giant ant. The giant ant bites! The giant ant misses! You kill the giant ant! The giant ant bites! You miss the giant ant. The giant ant bites! You miss the giant ant. The giant ant bites! You hit the giant ant. The giant ant bites! You miss the giant ant. The giant ant misses! The giant ant bites! You die... Do you want your possessions identified? [ynq] (y) y Do you want to see your attributes? [ynq] (y) y Do you want an account of creatures vanquished? [ynaq] (y) y Do you want to see your conduct and achievements? [ynq] (y) y Do you want to see the dungeon overview? [ynq] (y) y Major events: Turn 1: elenmirie the chaotic female orcish Rogue entered the dungeon 1046: attained the rank of Cutpurse (level 3) 1982: killed by a giant ant Inventory: Weapons b - an uncursed +0 orcish dagger (weapon in hand) l - 13 uncursed +0 orcish daggers (at the ready) a - an uncursed +0 orcish short sword (alternate weapon; not wielded) Armor E - an uncursed +0 pair of leather gloves (being worn) c - an uncursed +1 leather armor (being worn) Comestibles o - 2 uncursed carrots d - an uncursed tripe ration g - 2 uncursed tripe rations Rings y - an uncursed ring of sustain ability Wands B - an uncursed wand of cancellation (0:7) Tools w - an uncursed sack containing 13 items t - an uncursed brass lantern e - an uncursed lock pick j - an uncursed oil lamp h - 3 cursed tallow candles p - an uncursed tin whistle Contents of the sack: a blessed scroll of blank paper 2 uncursed scrolls of blank paper an uncursed scroll of enchant weapon an uncursed scroll of food detection an uncursed scroll of identify an uncursed potion of acid an uncursed potion of blindness an uncursed potion of confusion a blessed potion of gain level an uncursed potion of healing a cursed potion of polymorph an uncursed potion of sickness an uncursed magic marker (0:94) Elenmirie the Rogue's attributes: Background: You were a Cutpurse, a level 4 female orcish Rogue. You were chaotic, nominally on a mission for Kos who was opposed by Issek (lawful) and Mog (neutral). You were in the Dungeons of Doom, on level 5. You entered the dungeon 1982 turns ago. You had 96 experience points, 64 more were needed to attain level 5. Basics: You had 0 out of 28 hit points. You had all 16 energy points (spell power). Your armor class was 6. Your wallet contained 141 zorkmids. Autopickup was on for '$' plus thrown. Final Characteristics: Your strength was 15 (limit:18/50). Your dexterity was 16 (limit:18). Your constitution was 14 (limit:18). Your intelligence was 13 (limit:16). Your wisdom was 10 (limit:16). Your charisma was 8 (limit:16). Final Status: You were not hungry. You were unencumbered. You were wielding a dagger. You had basic skill with dagger. Final Attributes: You were devoutly aligned. You were poison resistant. You were telepathic. You had infravision. You were stealthy. You were warded. You are dead. Miscellaneous: You never encountered a bones level. Total elapsed playing time was 46 minutes and 27 seconds. Vanquished creatures: a gray ooze a paper golem a giant ant 2 floating eyes a rothe a giant bat an iguana a cave spider a brown mold a gecko 2 jackals 2 kobolds 2 goblins a sewer rat 4 grid bugs a lichen a kobold zombie 4 newts 28 creatures vanquished. No species were genocided or became extinct. Voluntary challenges: You were an atheist. You read items or engraved 2 times. You never engraved Elbereth. You never genocided any monsters. You never polymorphed an object. You never changed form. You used no wishes. Achievements: You entered a shop. You attained the rank of Cutpurse. The Dungeons of Doom: levels 1 to 6 Level 1: Level 2: Level 3: A general store, some fountains, a grave. Level 4: Some fountains. Level 5: <- You were here. Final resting place for you, killed by a giant ant. Level 6: A fountain, a grave. Game over: ---------- / \ / REST \ / IN \ / PEACE \ / \ | elenmirie | | 141 Au | | killed by a | | giant ant | | | | | | 2022 | *| * * * | * _________)/\\_//(\/(/\)/\//\/|_)_______ Goodbye elenmirie the Rogue... You died in The Dungeons of Doom on dungeon level 5 with 761 points, and 141 pieces of gold, after 1982 moves. You were level 4 with a maximum of 28 hit points when you died.